AoeStats
← gob b

Hideout

503294755Analyzed
2v2 RM · 1mo ago on Aug 31, 2026· 42m 20s· 4 players
Game mode
Random Map
Map size
Medium (4 player)
Population
200
Speed
Normal
Resources
Standard
Victory
Conquest
Starting age
Dark Age
Ending age
Imperial Age
RankedLock teamsTeams togetherTeam positionsShared explorationLock speedFull tech treeHidden civsTurbo modeCheats
Victory
Defeat
🇺🇸 Cumans · United States
1221
+17
🇨🇴 Vietnamese · Colombia
1170
+19
1264
-19
🇮🇳 Wei · India
1202
-16
VZ | TheeChosen
7:04 Loom
9:51 Feudal Age
10:30 Double-Bit Axe
10:26 Horse Collar
13:09 Wheelbarrow
22:48 Castle Age
21:34 Scale Barding Armor
21:39 Forging
21:34 Gold Mining
22:11 Bloodlines
24:09 Chain Barding Armor
24:10 Bow Saw
33:30 Iron Casting
37:07 Fletching
36:50 Capped Ram
37:50 Caravan
43:03 Imperial Age
yaggcris
3:55 Loom
11:31 Feudal Age
13:45 Double-Bit Axe
15:12 Horse Collar
21:30 Castle Age
21:25 Stone Mining
21:25 Gold Mining
21:27 Fletching
22:40 Bow Saw
22:07 Crossbowman
22:49 Heavy Plow
22:55 Padded Archer Armor
26:10 Forging
27:10 Wheelbarrow
29:54 Thumb Ring
32:26 Ballistics
32:25 Bodkin Arrow
32:46 Leather Archer Armor
33:38 Hand Cart
35:19 Treadmill Crane
39:12 Imperial Age
38:30 Fortified Wall
39:26 Murder Holes
39:27 Heated Shot
40:38 Paper Money
42:12 Chemistry
42:54 Two-Man Saw
gob b
9:20 Loom
12:14 Feudal Age
16:08 Castle Age
14:23 Double-Bit Axe
14:48 Horse Collar
16:53 Bloodlines
27:44 Scale Barding Armor
27:50 Forging
31:30 Bow Saw
31:56 Wheelbarrow
32:04 Iron Casting
31:49 Chain Barding Armor
31:35 Husbandry
39:49 Chain Barding Armor
44:16 Imperial Age
[T41] Indian War Lord
10:36 Feudal Age
16:04 Castle Age
14:57 Double-Bit Axe
15:02 Loom
16:01 Gold Mining
22:41 Fletching
24:20 Bodkin Arrow
26:31 Padded Archer Armor
41:56 Imperial Age
42:12 Leather Archer Armor
Connection lost

Rejoining the realm…

Still unreachable

The connection could not be restored.

Session expired

The server has moved on; the page needs a fresh start.